 Dungeon Crawl Stone Soup version 0.16.2-12-gd0ad4c3 (webtiles) character file.

29 Kloppie the Vexing (level 3, 0/16 HPs)
             Began as a Vine Stalker Enchanter on Oct 27, 2015.
             Succumbed to an adder's poison
             ... on level 1 of the Dungeon.
             The game lasted 00:01:48 (928 turns).

Kloppie the Vexing (Vine Stalker Enchanter)          Turns: 928, Time: 00:01:48

Health: 0/16       AC:  5    Str: 10    XL:     3   Next: 16%
Magic:  3/7        EV: 10    Int: 15    God:
Gold:   36         SH:  0    Dex: 15    Spells: 2 memorised, 3 levels left

rFire  . . .     SeeInvis .     l - +0 short sword
rCold  . . .     Clarity  .     i - +0 ring mail
rNeg   . . .     SustAb   .     (no shield)
rPois  .         Gourm    .     (no helmet)
rElec  .         Spirit   +     (no cloak)
rCorr  .         Warding  .     (no gloves)
rMut   .         Stasis   .     (no boots)
MR     .....                    (no amulet)
Stlth  ++........               (no ring)
                                (no ring)

@: lethally poisoned (0 -> -5), not resistant to hostile enchantments,
unstealthy
A: fangs 2, regeneration 1, magic shield, antimagic bite, no device heal 3, rot
immunity
a: no special abilities


You were on level 1 of the Dungeon.
You were not hungry.

You visited 1 branch of the dungeon, and saw 2 of its levels.

You collected 36 gold pieces.

Inventory:

Hand weapons
 a - a +1 dagger
 l - a +0 short sword (weapon)
Armour
 b - a +1 robe
 i - a +0 ring mail (worn)
Scrolls
 e - a scroll of enchant armour {unknown}
 f - a scroll of random uselessness {unknown}
 g - a scroll of remove curse {unknown}
 h - a scroll of identify {unknown}
 k - a scroll of enchant weapon {unknown}
Books
 c - a book of Maledictions

   Spells                             Type                      Level
   a - Corona                         Hexes                        1
   b - Sure Blade                     Hexes/Charms                 2
   c - Ensorcelled Hibernation        Hexes/Ice                    2
   d - Confuse                        Hexes                        3
   e - Dazzling Spray                 Conjuration/Hexes            3
   f - Enslavement                    Hexes                        4
Comestibles
 d - a bread ration
 j - a beef jerky


   Skills:
 + Level 1.5 Short Blades
 - Level 1.5 Dodging
 - Level 3.7 Stealth
 - Level 2.1 Spellcasting
 + Level 3.8 Hexes


You had 3 spell levels left.
You knew the following spells:

 Your Spells              Type           Power        Failure   Level  Hunger
a - Corona                Hex            ##.....      14%         1    #......
b - Ensorcelled Hibernat  Hex/Ice        #.....       47%         2    ###....


Dungeon Overview and Level Annotations

Branches:
Dungeon (2/15)

Altars:


Innate Abilities, Weirdness & Mutations

You have extremely sharp teeth.
Your natural rate of healing is unusually fast.
When hurt, damage is shared between your health and your magic reserves.
Your bite disrupts and absorbs the magic of your enemies.
Potions and wands cannot restore your health.
You are immune to rotting.


Message History

The adder is severely wounded.
* * * LOW HITPOINT WARNING * * *
You feel sick. The adder closely misses you.
You aren't carrying any potions.
You hit the adder.
You kill the adder!
You have reached level 3!
Your experience leads to an increase in your attributes!
Increase (S)trength, (I)ntelligence, or (D)exterity?
You feel agile.
* * * LOW HITPOINT WARNING * * *
You feel sick.
* * * LOW HITPOINT WARNING * * *
You feel sick.
There is a lethal amount of poison in your body!
You aren't carrying any potions.
There is a lethal amount of poison in your body!
There is a lethal amount of poison in your body!
There is a lethal amount of poison in your body!
You die...

#...# #.# #............
#...# #.# ###............
#...# #)# #.'............
#...# #.# #.#............
##.## #.# #.###########..
#.# #.####################
#.# #...................#
#.######################.##
#........>@................
#.#...########.###.####....
#####.#...# #.# #.# #....
#.....#...# #####.###.#
#.... #.#####.###
#.........# #.... #.#...#.#
#.........# ###.##
###.###.#.#
#.........###.....
#.......#.#
#.................
##..#####.#
#........####.)...


There were no monsters in sight!

Vanquished Creatures
  An adder (D:1)
  A ball python (D:1)
  3 hobgoblins (D:1)
  3 kobolds (D:1)
  4 giant cockroaches (D:1)
  A giant gecko (D:1)
  A giant newt (D:1)
  2 goblins (D:1)
  5 rats (D:1)
21 creatures vanquished.

Notes
Turn   | Place    | Note
--------------------------------------------------------------
     0 | D:1      | Kloppie, the Vine Stalker Enchanter, began the quest for the Orb.
     0 | D:1      | Reached XP level 1. HP: 9/9 MP: 3/3
    20 | D:1      | Reached skill level 1 in Short Blades
   281 | D:1      | Reached XP level 2. HP: 13/13 MP: 5/5
   297 | D:1      | Learned a level 2 spell: Ensorcelled Hibernation
   926 | D:1      | Reached XP level 3. HP: 2/16 MP: 2/7
   928 | D:1      | Succumbed to an adder's poison

Action                   || total
-------------------------++-------
Melee: Dagger            ||    57
       Short sword       ||    15
 Stab: Sleeping          ||     3
